 Dungeon Crawl Stone Soup version 0.21-a0-349-g0c35859 (webtiles) character file.

362 Inus the Magician (level 6, 0/32 HPs)
             Began as a Deep Elf Wizard on Oct 8, 2017.
             Succumbed to a worker ant's poison
             ... on level 4 of the Dungeon.
             The game lasted 00:18:29 (4330 turns).

Inus the Magician (Deep Elf Wizard)                 Turns: 4330, Time: 00:18:30

Health: 0/32       AC:  3    Str:  4    XL:     6   Next: 39%
Magic:  7/17       EV: 13    Int: 25    God:
Gold:   260        SH:  0    Dex: 13    Spells: 7/18 levels left

rFire    . . .     SeeInvis .   f - +0 spear
rCold    . . .     Gourm    .   (no shield)
rNeg     + . .     Faith    .   a - +0 robe
rPois    .         Spirit   .   i - +0 helmet
rElec    .         Reflect  .   p - scarf {repulsion}
rCorr    .         Harm     .   (no gloves)
MR       .....                  (no boots)
Stlth    ++........             (no amulet)
HPRegen  0.10/turn              j - ring of positive energy
MPRegen  0.15/turn              (no ring)

@: lethally poisoned (0 -> -13), repel missiles
A: no striking features
a: no special abilities


You were on level 4 of the Dungeon.
You were not hungry.

You visited 1 branch of the dungeon, and saw 5 of its levels.

You collected 260 gold pieces.

Inventory:

Hand Weapons
 f - a +0 spear (weapon)
Armour
 a - a +0 robe (worn)
 b - a scarf of cloud immunity
 i - a +0 helmet (worn)
 p - a scarf of repulsion (worn)
Jewellery
 j - a ring of positive energy (left hand)
Scrolls
 e - 3 scrolls of magic mapping
 h - 3 scrolls of identify
 l - 4 scrolls of remove curse
Books
 c - a book of Minor Magic

   Spells                             Type                      Level
   a - Magic Dart                     Conjuration                  1
   b - Blink                          Translocation                2
   c - Call Imp                       Summoning                    2
   d - Slow                           Hexes                        2
   e - Conjure Flame                  Conjuration/Fire             3
   f - Mephitic Cloud                 Conjuration/Poison/Air       3
Comestibles
 d - 2 bread rations
 g - 5 meat rations


   Skills:
 - Level 2.4 Dodging
 - Level 2.4 Stealth
 + Level 6.5 Spellcasting
 + Level 2.9 Conjurations
 - Level 3.0 Summonings
 - Level 3.0 Translocations
 + Level 1.4 Fire Magic
 + Level 1.3 Air Magic
 + Level 1.5 Poison Magic


You had 7 spell levels left.
You knew the following spells:

 Your Spells              Type           Power        Failure   Level  Hunger
a - Magic Dart            Conj           ###.         1%          1    None
b - Call Imp              Summ           ###.....     3%          2    None
c - Blink                 Tloc           N/A          3%          2    None
d - Conjure Flame         Conj/Fire      ###.....     9%          3    None
e - Mephitic Cloud        Conj/Pois/Air  ###.....     10%         3    None


Dungeon Overview and Level Annotations

Branches:
Dungeon (5/15)             Temple (0/1) D:4

Altars:
Trog

Annotations:
D:4 Sigmund


Message History

The worker ant bites you! The worker ant misses you. The worker ant bites you!
You are poisoned.
The worker ant poisons you!
You climb upwards.
Level annotation: Sigmund You feel sick.
There is a stone staircase leading down here.
Okay, then.
You feel sick. The worker ant closely misses you.
You feel sick. The worker ant bites you!
* * * LOW HITPOINT WARNING * * *
You are more poisoned.
The worker ant poisons you!
* * * LOW HITPOINT WARNING * * *
You feel sick.
Things that are here:
a giant club; a giant cockroach corpse You die...

#.......# ########
#.#####.#
#......###.......#
#.####..).....##.# #.#
#####.##.##.#### #.#
#.##.....).# ##.####
#.......##<#
......#####.#####.##.#
##.##.##......a)@....#
##.##.##.......###.###
##.##.##.......# #.#
##.##.##..>....# #.#
......##.......# #.#
##..####.......# #.#
##.# #.......# #.. #.#
#.##.#.## ### #.# #.
.....


You could see a worker ant.

Vanquished Creatures
  An ogre (D:4)
  An orc priest (D:2)
  2 dart slugs
  2 leopard geckos
  An orc (D:3)
  A ball python (D:3)
  10 bats
  5 giant cockroaches
  6 hobgoblins
  2 jackals (D:3)
  4 kobolds
  2 quokkas
  3 frilled lizards
  11 goblins
  6 rats
57 creatures vanquished.

Vanquished Creatures (collateral kills)
  The ghost of Azure the Thaumaturge, an amateur GnWn of Kikubaaqudgha (D:3)
  An orc priest (D:3)
  3 orc wizards (D:2)
  2 adders (D:2)
  An ooze (D:2)
  2 worms
  7 orcs
  2 bats (D:3)
  3 goblins
  A hobgoblin (D:3)
  3 jackals (D:1)
  A kobold (D:1)
  A rat (D:2)
28 creatures vanquished.

Grand Total: 85 creatures vanquished

Notes
Turn   | Place    | Note
-------+----------+-------------------------------------------
     0 | D:1      | Inus the Deep Elf Wizard began the quest for the Orb.
     0 | D:1      | Reached XP level 1. HP: 10/10 MP: 7/7
   278 | D:1      | Reached XP level 2. HP: 15/15 MP: 6/9
   285 | D:1      | Learned a level 2 spell: Call Imp
   288 | D:1      | Learned a level 2 spell: Blink
   508 | D:1      | Reached skill level 5 in Spellcasting
  1102 | D:1      | Reached XP level 3. HP: 19/19 MP: 7/11
  1604 | D:2      | Reached XP level 4. HP: 12/24 MP: 2/13
  2282 | D:2      | Reached XP level 5. HP: 26/28 MP: 10/15
  2291 | D:2      | Learned a level 3 spell: Conjure Flame
  2295 | D:2      | Learned a level 3 spell: Mephitic Cloud
  2644 | D:3      | Reached skill level 6 in Spellcasting
  3103 | D:3      | Noticed Azure's ghost (amateur GnWn)
  3417 | D:3      | Found a bloodstained altar of Trog.
  3718 | D:4      | Noticed an orc warrior
  3719 | D:4      | Found a staircase to the Ecumenical Temple.
  3939 | D:3      | Killed Azure's ghost
  3939 | D:3      | Reached skill level 1 in Poison Magic
  3939 | D:3      | Reached XP level 6. HP: 32/32 MP: 0/17
  4181 | D:4      | Reached skill level 1 in Fire Magic
  4181 | D:4      | Reached skill level 1 in Air Magic
  4282 | D:4      | Noticed Sigmund
  4317 | D:5      | Entered Level 5 of the Dungeon
  4329 | D:4      | HP: 1/32 [poisoned by a worker ant]
  4330 | D:4      | Succumbed to a worker ant's poison

Vault maps used:
D:1:      minmay_arrival_arboretum_small
D:3:      first_bread, lemuel_tele_altar
D:4:      temple_statues, uniq_sigmund
D:5:      uniq_crazy_yiuf_cottage

Skill      XL: |  1  2  3  4  5  6 |
---------------+-------------------+-----
Conjurations   | 2 |  2.9
Spellcasting   | 5 6 |  6.5
Summonings     | 2 3 |  3.0
Translocations | 2 3 |  3.0
Poison Magic   | 1 |  1.5
Fire Magic     | 1 |  1.4
Air Magic      | 1 |  1.3
Dodging        | |  2.4
Stealth        | |  2.4

Action                   |  1- 3 |  4- 6 || total
-------------------------+-------+-------++-------
Melee: Unarmed           |     8 |       ||     8
       Short sword       |    19 |    21 ||    40
       Quarterstaff      |       |    12 ||    12
 Cast: Magic Dart        |    55 |    77 ||   132
       Call Imp          |     9 |    40 ||    49
       Conjure Flame     |       |     4 ||     4
       Mephitic Cloud    |       |     1 ||     1
  Use: Scroll            |       |     6 ||     6
       Potion            |       |     3 ||     3
 Stab: Sleeping          |     1 |       ||     1
  Eat: Chunk             |     2 |     6 ||     8
       Bread ration      |       |     1 ||     1
Armor: Robe              |    15 |    11 ||    26
Dodge: Dodged            |    43 |    53 ||    96
       Deflected         |       |     1 ||     1

Table legend:
 A = Spawn XP
 B = Non-spawn XP
 C = Spawn XP percentage of total XP
 D = Spawn monster count
 E = Non-spawn monster count
 F = Spawn count percentage of total count
 G = Total turns spent on level
                    A         B        C        D         E        F      G
               +---------+---------+-------+---------+---------+-------+---------
         Total |       0 |     518 |   0.0 |       0 |      85 |   0.0 |  4330
               +---------+---------+-------+---------+---------+-------+---------
           D:1 |       0 |      52 |   0.0 |       0 |      30 |   0.0 |  1537
           D:2 |       0 |     148 |   0.0 |       0 |      24 |   0.0 |   908
           D:3 |       0 |     185 |   0.0 |       0 |      26 |   0.0 |  1681
           D:4 |       0 |     133 |   0.0 |       0 |       5 |   0.0 |   197
               +---------+---------+-------+---------+---------+-------+---------
